 Dungeon Crawl Stone Soup version 0.22.1-2-g9c5b331383 (webtiles) character file.

235 Marnok the Covered (level 6, -1/48 HPs)
             Began as a Human Fighter on Nov 28, 2018.
             Killed by divine providence
             ... invoked by an orc priest
              (16 damage)
             ... on level 3 of the Dungeon.
             The game lasted 00:13:29 (2121 turns).

Marnok the Covered (Human Fighter)                  Turns: 2121, Time: 00:13:29

Health: -1/48      AC:  7    Str: 18    XL:     6   Next: 27%
Magic:  6/6        EV:  7    Int:  8    God:
Gold:   25         SH: 11    Dex: 13    Spells: 5/5 levels left

rFire    . . .     SeeInvis .   a - +1 long sword
rCold    . . .     Gourm    .   c - +2 shield
rNeg     . . .     Faith    .   b - +0 scale mail
rPois    .         Spirit   .   (no helmet)
rElec    .         Reflect  .   (no cloak)
rCorr    .         Harm     .   (no gloves)
MR       .....                  (no boots)
Stlth    ..........             (no amulet)
HPRegen  0.16/turn              (no ring)
MPRegen  0.10/turn              (no ring)

@: no status effects
A: no striking features
a: no special abilities


You were on level 3 of the Dungeon.
You were not hungry.

You visited 1 branch of the dungeon, and saw 4 of its levels.

You collected 115 gold pieces.
You spent 90 gold pieces at shops.

Inventory:

Hand Weapons
 a - a +1 long sword (weapon)
Missiles
 p - a throwing net (quivered)
Armour
 b - a +0 scale mail (worn)
 c - a +2 shield (worn)
Jewellery
 h - a +4 ring of strength {unknown}
 k - an uncursed ring of wizardry
Scrolls
 g - a scroll of enchant weapon
 i - 3 scrolls of magic mapping
 j - 2 scrolls of identify
Potions
 d - 2 potions of might
 e - a potion of mutation {unknown}
Comestibles
 f - 4 rations
 m - 3 chunks of flesh


   Skills:
 + Level 3.7 Fighting
 + Level 4.1 Long Blades
 + Level 4.1 Armour
 + Level 0.6 Dodging
 + Level 3.8 Shields


You had 5 spell levels left.
You didn't know any spells.
Your spell library was empty.

Dungeon Overview and Level Annotations

Branches:
Dungeon (4/15)
 Temple: D:4-7

Altars:
Elyvilon
Fedhas
Zin


Message History

An orc comes into view.
The orc priest hits you but does no damage.
The orc hits you with a flail.
You closely miss the orc priest.
The orc priest is heavily wounded.
The orc hits you.
The orc priest mumbles some strange prayers to Beogh against you.
Pain shoots through your body!
* * * LOW HITPOINT WARNING * * *
You block the orc's attack. The orc hits you with a flail.
* * * LOW HITPOINT WARNING * * *
You feel better. You block the orc priest's attack. You block the orc's attack.
The orc hits you with a flail.
* * * LOW HITPOINT WARNING * * *
Things that are here:
a club; a ring mail You see here a stone.
The orc priest calls down the wrath of Beogh upon you.
Beogh smites you!
You die...

# ##+## #.....#(# #.#
####.##(# #.#
###.(###### ##.##
######.)......#
##...###......)♣...>.#
#.....##.####........#
##...###.# ##..######
#.#.###.####.# ##.#
#.......o.o@.# ###
###.###o###### #.# #o#
#o# #.# #o# #o# #.#


You could see an orc priest and 2 orcs.

Vanquished Creatures
  An ice beast (D:3)
  An orc priest (D:3)
  4 gnolls (D:2)
  2 adders (D:2)
  An ooze (D:3)
  A worm (D:2)
  2 leopard geckos
  7 orcs (D:3)
  A ball python (D:2)
  4 giant cockroaches
  6 goblins
  3 hobgoblins (D:2)
  A quokka (D:3)
  4 bats
  4 frilled lizards
  8 kobolds
  2 rats (D:1)
52 creatures vanquished.

Notes
Turn   | Place    | Note
-------+----------+-------------------------------------------
     0 | D:1      | Marnok the Human Fighter began the quest for the Orb.
     0 | D:1      | Reached XP level 1. HP: 18/18 MP: 1/1
   391 | D:1      | Reached XP level 2. HP: 21/24 MP: 2/2
   711 | D:2      | Reached XP level 3. HP: 25/29 MP: 3/3
   821 | D:2      | Found a white marble altar of Elyvilon.
   887 | D:2      | Found a blossoming altar of Fedhas.
  1040 | D:2      | Reached XP level 4. HP: 14/35 MP: 4/4
  1573 | D:3      | Noticed an ice beast
  1587 | D:3      | Reached XP level 5. HP: 13/41 MP: 5/5
  1603 | D:3      | Killed an ice beast
  1603 | D:3      | Reached XP level 6. HP: 23/47 MP: 6/6
  1947 | D:3      | Found Zin's Purification Station.
  1952 | D:3      | Found a glowing silver altar of Zin.
  1956 | D:3      | Bought a potion of curing for 90 gold pieces
  2121 | D:3      | Killed from afar by an orc priest

Skill      XL: |  1  2  3  4  5  6 |
---------------+-------------------+-----
Long Blades    | 3 4 |  4.1
Armour         | 4 |  4.1
Fighting       | |  3.7
Dodging        | |  0.6
Shields        | |  3.8

Action                   |  1- 3 |  4- 6 || total
-------------------------+-------+-------++-------
Melee: Long sword        |    88 |    72 ||   160
  Use: Scroll            |     9 |     3 ||    12
       Potion            |     3 |     5 ||     8
  Eat: Ration            |       |     1 ||     1
       Chunk             |       |     1 ||     1
Armor: Scale mail        |    35 |    26 ||    61
Dodge: Dodged            |    28 |    13 ||    41
Block: Shield            |    49 |    41 ||    90
       Rpst.: Long sword |     5 |     5 ||    10
